 Dungeon Crawl Stone Soup version 0.26.1-2-gb8aa6d0 (webtiles) character file.

Game seed: 10362922385522947371

1689 Nithhogg the Chopper (level 9, -2/69 HPs)
             Began as a Human Monk on Mar 30, 2021.
             Was a Priest of the Shining One.
             Slain by a gnoll sergeant
             ... wielding the +4 trident of World's End {venom, +Fly rPois Stlth+}
              (4 damage)
             ... on level 6 of the Dungeon.
             The game lasted 00:15:43 (7178 turns).

Nithhogg the Chopper (Human Monk)                   Turns: 7178, Time: 00:15:46

Health: -2/69      AC:  8    Str: 18 (20) XL:     9   Next: 22%
Magic:  7/9        EV: 15    Int: 11 (12) God:    the Shining One [***...]
Gold:   404        SH:  6    Dex: 12 (15) Spells: 8/8 levels left

rFire    + . .     SeeInvis +   b - +1 whip (flame)
rCold    x . .     Faith    .   (no shield)
rNeg     + . .     Spirit   .   s - +1 steam dragon scales of Rationality {Rampage Regen+ Str+4 Int+2}
rPois    .         Reflect  .   B - +0 helmet
rElec    .         Harm     .   (no cloak)
rCorr    .         Rampage  +   (no gloves)
Will     .....                  (no boots)
Stlth    +.........             A - amulet of regeneration
HPRegen  1.01/turn              G - ring of fire
MPRegen  0.11/turn              w - ring of see invisible

@: lethally poisoned (-2 -> -16), divine shield, glowing
A: no striking features
a: Renounce Religion, Divine Shield


You were on level 6 of the Dungeon.
You worshipped the Shining One.
The Shining One was most pleased with you.
You visited 1 branch of the dungeon, and saw 6 of its levels.
You also visited: Sewer and Ossuary.

You collected 404 gold pieces.

Inventory:

Hand Weapons
 a - a +1 hand axe
 b - a +1 whip of flaming (weapon)
 S - a +2 flail
Armour
 g - a +1 leather armour
 s - the +1 steam dragon scales of Rationality (worn) {Rampage Regen+ Str+4 Int+2}
   (You found it on level 4 of the Dungeon)

   It affects your strength (+4).
   It affects your intelligence (+2).
   It increases your rate of regeneration.
   It bestows one free step when moving towards enemies.
 B - a +0 helmet (worn)
 Q - a +2 chain mail of poison resistance
Jewellery
 c - an uncursed amulet of the acrobat
 k - an uncursed ring of attention
 w - a ring of see invisible (right hand)
 y - an uncursed ring of wizardry
 z - an uncursed ring of magical power
 A - an amulet of regeneration (around neck)
 G - a ring of fire (left hand)
Wands
 u - a wand of polymorph (9)
 D - a wand of enslavement (19)
 M - a wand of flame (23)
 N - a wand of iceblast (13)
 O - a wand of paralysis (7)
Scrolls
 f - 3 scrolls of magic mapping
 h - 8 scrolls of remove curse
 i - 2 scrolls of amnesia
 p - 3 scrolls of enchant armour
 q - a scroll of enchant weapon
 r - 5 scrolls of identify
 t - 3 scrolls of noise {unknown}
 C - 2 scrolls of fog
 F - a scroll of immolation
 H - 5 scrolls of teleportation
 K - a scroll of acquirement {unknown}
 L - 2 scrolls of random uselessness {unknown}
 R - a scroll of fear {unknown}
Potions
 d - a potion of attraction {unknown}
 e - 3 potions of might {unknown}
 j - 3 potions of curing {unknown}
 l - a potion of haste {unknown}
 n - 2 potions of degeneration
 o - 3 potions of brilliance {unknown}
 v - 2 potions of heal wounds {unknown}
 x - 2 potions of ambrosia {unknown}
 E - a potion of cancellation {unknown}
 J - a potion of flight {unknown}
Miscellaneous
 I - a tin of tremorstones (2/2) (quivered)


   Skills:
 + Level 5.8 Fighting
 * Level 7.6 Axes
 + Level 4.7 Armour
 + Level 5.8 Dodging
 - Level 2.0 Stealth


You had 8 spell levels left.
You didn't know any spells.
Your spell library contained the following spells:

 Spells                   Type           Power        Failure   Level
 Corona                   Hex            0%           34%         1
 Ensorcelled Hibernation  Hex/Ice        0%           47%         2
 Confusing Touch          Hex            0%           71%         3
 Dazzling Flash           Conj/Hex       0%           71%         3
 Tukima's Dance           Hex            0%           71%         3


Dungeon Overview and Level Annotations

Branches:
Dungeon (6/15)              Sewer (visited)         Ossuary (visited)
 Temple: D:4-7

Altars:
Elyvilon
Kikubaaqudgha
Okawaru
Uskayaw
Xom
The Shining One

Shops:
D:6 (

Annotations:
D:6 1 transporter


Message History

You hit the gnoll sergeant. You burn the gnoll sergeant.
The gnoll sergeant is almost dead.
You feel very sick. The gnoll sergeant barely misses you.
You hit the gnoll sergeant but do no damage.
The gnoll sergeant is almost dead.
You feel sick. The gnoll sergeant blocks your attack.
The gnoll sergeant is almost dead.
You feel sick.
The gnoll sergeant hits you with the +4 trident of World's End {venom, +Fly rPois Stlth+}!
* * * LOW HITPOINT WARNING * * *
You are more poisoned.
It was a potion of degeneration.
There was something very wrong with that liquid.
You feel weakened.
You feel dopey.
You feel clumsy.
* * * LOW HITPOINT WARNING * * *
You feel very sick.
The gnoll sergeant hits you with the +4 trident of World's End {venom, +Fly rPois Stlth+}.
You die...

#.............................#
#..≈≈≈≈≈≈≈≈≈≈≈≈≈≈≈≈≈......(....
#..≈≈≈≈≈≈≈≈≈≈≈≈≈≈≈≈≈...........
#..≈≈####.....####≈≈...........
#..≈≈#..#8###8#..#≈≈...........
#..≈≈#..###g###..#≈≈........†..
#..≈≈#...........#≈≈...........
#..≈≈###.##'##g###≈≈...........
#..≈≈..#.#P.P#@#..≈≈.#.........
#..≈≈.##.+...+?##.≈≈.#.........
#..≈≈.#..#P.P#..#.≈≈...........
#..≈≈.##.##.##)##.≈≈....†.....#
#......#.#P.P#.#..≈≈.#........#
#.....©#)'.©.'.#©.≈≈.#.<......#
#...[..#.#8⌠8#.#..≈≈.#.........
#..≈≈.##.#####.##.≈≈...........
#..≈≈.#©.# #..#.≈≈..##.......


You could see a gnoll sergeant.

Vanquished Creatures
  Pikel (D:6)
  2 wraiths (Ossuary)
  Purgy (Sewer)
  A centaur (D:5)
  2 lemures (D:6)
  2 wights (Ossuary)
  A jelly (D:5)
  6 orc wizards
  3 iguanas
  4 worker ants
  2 hound skeletons
  2 gnolls (D:6)
  12 adders
  2 ufetubi
  An ooze (D:1)
  2 adder skeletons
  3 adder zombies
  3 worms
  6 dart slugs
  3 leopard geckos
  16 orcs
  2 ball pythons
  11 bats
  6 giant cockroaches
  9 hobgoblins
  15 jackals
  10 kobolds
  4 quokkas
  A ball python skeleton (Ossuary)
  4 frilled lizards
  5 goblins
  A hobgoblin skeleton (Ossuary)
  2 hobgoblin zombies (Ossuary)
  2 orc skeletons (Ossuary)
  2 orc zombies (Ossuary)
  A quokka skeleton (D:5)
  5 rats
155 creatures vanquished.

Vanquished Creatures (others)
  7 withered plants (D:2)
7 creatures vanquished.

Grand Total: 162 creatures vanquished

Notes
Turn   | Place    | Note
-------+----------+-------------------------------------------
     0 | D:1      | Nithhogg the Human Monk began the quest for the Orb.
     0 | D:1      | Reached XP level 1. HP: 18/18 MP: 1/1
   205 | D:1      | Reached XP level 2. HP: 12/24 MP: 2/2
   575 | D:1      | Reached XP level 3. HP: 29/29 MP: 3/3
   980 | D:1      | Reached skill level 1 in Armour
  1407 | D:2      | Found an ancient bone altar of Kikubaaqudgha.
  1583 | D:2      | Reached XP level 4. HP: 31/35 MP: 4/4
  1618 | D:2      | Found an iron altar of Okawaru.
  2709 | D:2      | Reached skill level 4 in Axes
  2868 | D:2      | Found a shadowy altar of Dithmenos.
  2871 | D:2      | Found a hazy altar of Hepliaklqana.
  2871 | D:2      | Found an opulent altar of Gozag.
  2873 | D:2      | Found a sacrificial altar of Ru.
  2873 | D:2      | Found a hazy altar of Hepliaklqana.
  2873 | D:2      | Found a shimmering altar of Xom.
  2878 | D:2      | Reached XP level 5. HP: 40/41 MP: 5/5
  3321 | D:3      | Found a white marble altar of Elyvilon.
  3730 | D:3      | Noticed a +0 dagger
  3730 | D:3      | Noticed a +0 dagger
  3733 | D:3      | Found a hide-covered altar of Uskayaw.
  3785 | D:3      | Reached XP level 6. HP: 46/48 MP: 6/6
  4545 | D:4      | Got heavily runed steam dragon scales
  4556 | D:4      | Identified the +1 steam dragon scales of Rationality
                  | {Rampage Regen+ Str+4 Int+2} (You found it on level 4 of
                  | the Dungeon)
  4620 | D:4      | Reached skill level 5 in Axes
  5134 | D:4      | Reached XP level 7. HP: 47/54 MP: 7/7
  5285 | D:5      | Entered Level 5 of the Dungeon
  5427 | D:5      | Found a glowing drain.
  5462 | Sewer    | Entered a sewer
  5508 | Sewer    | Noticed Purgy
  5524 | Sewer    | Killed Purgy
  5822 | D:5      | Reached skill level 6 in Axes
  5822 | D:5      | Reached XP level 8. HP: 8/61 MP: 8/8
  5889 | D:5      | Found a glowing golden altar of the Shining One.
  5894 | D:5      | Became a worshipper of the Shining One
  5894 | D:5      | Reached * piety under the Shining One
  5894 | D:5      | Reached ** piety under the Shining One
  6506 | D:6      | Found a sand-covered staircase.
  6518 | Ossuary  | Entered an ossuary
  6621 | Ossuary  | Noticed a wraith
  6621 | Ossuary  | Noticed a flying skull
  6656 | Ossuary  | Noticed a flying skull
  6664 | Ossuary  | Noticed a flying skull
  6665 | Ossuary  | Reached *** piety under the Shining One
  6672 | Ossuary  | Reached skill level 5 in Fighting
  6672 | Ossuary  | Reached skill level 5 in Dodging
  6683 | Ossuary  | Noticed a flying skull
  6684 | Ossuary  | Noticed a wraith
  6704 | Ossuary  | Killed a wraith
  6758 | Ossuary  | Noticed a flying skull
  6761 | Ossuary  | Noticed a wraith
  6792 | Ossuary  | Killed a wraith
  6896 | D:6      | Noticed Pikel
  6913 | D:6      | Killed Pikel
  6914 | D:6      | Reached skill level 7 in Axes
  6914 | D:6      | Reached XP level 9. HP: 66/69 MP: 9/9
  6969 | D:6      | Found Cusmuadda's Weapon Emporium.
  7049 | D:6      | Identified the +4 trident of World's End {venom, +Fly rPois
                  | Stlth+}
  7049 | D:6      | Identified the +1 kite shield of Hide-and-Seek {Int+4}
  7098 | D:6      | Found a transporter.
  7104 | D:6      | Found a transporter.
  7178 | D:6      | HP: 2/69 [poisoned by a gnoll sergeant]
  7178 | D:6      | Slain by a gnoll sergeant

Illustrated notes

Levels and vault maps discovered:
D:1:      dpeg_arrival_three_bigger_balls, layout_loops_ring
D:2:      layout_loops_ring, kiku_gazebo_garden_becter, doesnt_xom_only_xom,
          st_stairs_7, okawaru_metal_pillars_3
D:3:      layout_basic, lemuel_crystal_altar, dancing_weapons_uskayaw,
          nrook_mini_vaults, grunt_ministairs_13
D:4:      cheibrodos_barr_body, layout_loops_cross
D:5:      layout_basic, marbit_many_paths, portal_sewer_entry_d
D:6:      layout_rooms, lemuel_coloured_pillars_altar,
          minmay_temple_entry_enclosed_plants, serial_shops, shop_fountains,
          gammafunk_ghost_gnarly_gnolls, nicolae_ossuary_entry_ruins, uniq_pikel

Skill      XL: |  1  2  3  4  5  6  7  8 |
---------------+-------------------------+-----
Armour         | 1 2 3 4 |  4.7
Axes           | 4 5 6 7 |  7.6
Fighting       | 4 5 |  5.8
Dodging        | 4 5 |  5.8
Stealth        | |  2.0

Action                   |  1- 3 |  4- 6 |  7- 9 || total
-------------------------+-------+-------+-------++-------
Melee: Hand axe          |   118 |   272 |   264 ||   654
       Flail             |       |       |    38 ||    38
       Whip              |       |       |    41 ||    41
Invok: Divine Shield     |       |       |     2 ||     2
  Use: Scroll            |     2 |     7 |       ||     9
       Potion            |       |       |     1 ||     1
 Stab: Sleeping          |     1 |     3 |     8 ||    12
       Distracted        |       |       |     1 ||     1
Armor: Robe              |     5 |       |       ||     5
       Leather armour    |    23 |    61 |       ||    84
       Steam dragon scal |       |    13 |    83 ||    96
Dodge: Dodged            |    91 |   224 |   262 ||   577
Block: Other             |       |       |     3 ||     3
